 Dungeon Sprint DCSS version 0.22-a0-469-gf26638a (webtiles) character file.

8200000 asd the Conqueror (level 27, -1/323 HPs)
             Began as an Ogre Monk on June 11, 2018.
             Was a High Priest of Makhleb.
             Slain by a meat berserker
             ... wielding a +9 battleaxe
              (64 damage)
             ... in the Dungeon (Sprint VIII: "Arena of Blood").
             The game lasted 00:06:02 (82 turns).

asd the Conqueror (Ogre Monk)                         Turns: 82, Time: 00:06:03

Health: -1/323     AC:  5    Str: 23    XL:     27
Magic:  33/54      EV: 32    Int: 11    God:    Makhleb [*****.]
Gold:   0          SH:  0    Dex: 20    Spells: 80/80 levels left

rFire    . . .     SeeInvis .   j - +∞ Axe of Woe
rCold    . . .     Gourm    .   (shield currently unavailable)
rNeg     . . .     Faith    .   b - +0 robe
rPois    .         Spirit   .   (helmet restricted)
rElec    .         Reflect  .   (no cloak)
rCorr    .         Harm     .   (gloves unavailable)
MR       ++...     NoTele   +   (boots unavailable)
Stlth    +++++++++.             (no amulet)
HPRegen  0.63/turn              (no ring)
MPRegen  0.34/turn              (no ring)

@: hasted, very quick
A: large, unfitting armour, tough skin 1
a: Minor Destruction, Lesser Servant of Makhleb, Major Destruction, Greater
Servant of Makhleb, Renounce Religion


You were in the Dungeon.
You worshipped Makhleb.
Makhleb was extremely pleased with you.
You were not hungry.

You visited 1 branch

Inventory:

Hand Weapons
 a - a +0 hand axe
 j - the +∞ Axe of Woe (weapon)
   (You found it in the Dungeon)
Armour
 b - a +0 robe (worn)
Scrolls
 i - a scroll of blinking
Potions
 d - a potion of curing
 e - a potion of heal wounds
 g - 2 potions of magic
 h - a potion of berserk rage
Comestibles
 c - a ration


   Skills:
 O Level 27 Fighting
 O Level 27 Axes
 O Level 27 Throwing
 O Level 27 Armour
 O Level 27 Dodging
 O Level 27 Stealth
 O Level 27 Unarmed Combat
 O Level 27 Spellcasting
 O Level 27 Invocations


You had 80 spell levels left.
You didn't know any spells.
Your spell library was empty.

Dungeon Overview and Level Annotations

Branches:
Dungeon (1/1)

Altars:
Makhleb


Innate Abilities, Weirdness & Mutations

You are too large for most types of armour.
You have tough skin. (AC +1)


Message History

Press < or > to pray at altars.
Unknown command.
Press < or > to pray at altars.
Unknown command.
Press < or > to pray at altars.
Unknown command.
Press < or > to pray at altars.
Unknown command.
Press < or > to pray at altars.
You feel yourself speed up.
You hear a shout! x2
A meat berserker comes into view. It is wielding a +9 battleaxe.
You hear a shout! x2
The destroyer blinks!
The meat berserker rages. x2
You hear a shout! x2
A bag of meat comes into view. It is wielding a +9 war axe.
You hear a shout! x4
The meat berserker hits you with a +9 battleaxe!!!
You die...

..%.... .. .....
.o . #M... .# Oo
#%.. ..#
.D.###... ..###.
...O....###......
#.....V)._..§....
......#))§..#....
...O..2@)V2_# .
DOO.O.#OO...#
#..O....._.%O..
oo.....2###......
oDO###.O. ..###.
.O #... ..# O
#... ..# ....W ..


You could see an accursed, a meat beast, 3 eight-headed meat hydras, 2
destroyers, 3 large bags of meat, a dread, 11 meat berserkers, 4 bags of meat, a
friendly cacodemon and a friendly blizzard demon.

Vanquished Creatures
  A hell beast (D)
  10 vampire knights (D)
  12 ogres (D)
  3 two-headed ogres (D)
  A lich (D)
  24 orcs (D)
  A phantom (D)
  2 skeletal warriors (D)
  3 large abominations (D)
  A small abomination (D)
58 creatures vanquished.

Notes
Turn   | Place    | Note
-------+----------+-------------------------------------------
     0 | D        | Found the +∞ Axe of Woe
     0 | D        | asd the Ogre Monk began the quest for the Orb.
     0 | D        | Reached XP level 1. HP: 24/24 MP: 1/1
     2 | D        | Noticed a bag of meat
     2 | D        | Noticed a bag of meat
     4 | D        | Became a worshipper of Makhleb the Destroyer
     4 | D        | Reached * piety under Makhleb
     4 | D        | Reached ** piety under Makhleb
     5 | D        | Noticed a meat berserker
     6 | D        | Noticed a bag of meat
     7 | D        | Noticed a bag of meat
    10 | D        | Noticed a meat berserker
    10 | D        | Noticed a bag of meat
    10 | D        | Noticed a bag of meat
    11 | D        | Killed a meat berserker
    11 | D        | Reached XP level 2. HP: 72/72 MP: 2/2
    11 | D        | Reached XP level 3. HP: 80/80 MP: 3/3
    11 | D        | Reached XP level 4. HP: 91/91 MP: 4/4
    11 | D        | Reached XP level 5. HP: 100/100 MP: 5/5
    11 | D        | Reached XP level 6. HP: 109/109 MP: 6/6
    11 | D        | Reached XP level 7. HP: 118/118 MP: 7/7
    11 | D        | Reached XP level 8. HP: 128/128 MP: 8/8
    11 | D        | Reached XP level 9. HP: 136/136 MP: 9/9
    11 | D        | Reached XP level 10. HP: 146/146 MP: 10/10
    11 | D        | Reached XP level 11. HP: 154/154 MP: 11/11
    11 | D        | Reached XP level 12. HP: 165/165 MP: 12/12
    11 | D        | Reached XP level 13. HP: 174/174 MP: 13/13
    11 | D        | Noticed a bag of meat
    11 | D        | Noticed a bag of meat
    12 | D        | Killed a bag of meat
    12 | D        | Reached XP level 14. HP: 189/189 MP: 14/14
    12 | D        | Killed a meat berserker
    12 | D        | Reached skill level 27 in Fighting
    12 | D        | Reached XP level 15. HP: 206/206 MP: 15/15
    13 | D        | Reached *** piety under Makhleb
    13 | D        | Reached XP level 16. HP: 217/217 MP: 16/16
    17 | D        | Reached skill level 27 in Axes
    17 | D        | Reached skill level 10 in Stealth
    17 | D        | Reached **** piety under Makhleb
    19 | D        | Noticed a meat berserker
    20 | D        | Reached skill level 5 in Throwing
    20 | D        | Reached skill level 5 in Unarmed Combat
    20 | D        | Reached XP level 17. HP: 226/226 MP: 16/26
    20 | D        | Reached skill level 10 in Spellcasting
    20 | D        | Reached skill level 10 in Invocations
    21 | D        | Reached ***** piety under Makhleb
    21 | D        | Reached skill level 27 in Dodging
    21 | D        | Reached skill level 10 in Unarmed Combat
    21 | D        | Reached XP level 18. HP: 236/236 MP: 16/34
    21 | D        | Reached skill level 10 in Armour
    22 | D        | Reached skill level 15 in Stealth
    22 | D        | Noticed a large bag of meat
    23 | D        | Noticed a large bag of meat
    23 | D        | Noticed a meat berserker
    25 | D        | Noticed a destroyer
    26 | D        | Killed a meat berserker
    26 | D        | Reached skill level 15 in Throwing
    26 | D        | Reached XP level 19. HP: 245/245 MP: 17/40
    26 | D        | Noticed a meat berserker
    27 | D        | Killed a meat berserker
    27 | D        | Reached skill level 15 in Armour
    28 | D        | Noticed a large bag of meat
    29 | D        | Killed a large bag of meat
    29 | D        | Reached XP level 20. HP: 256/256 MP: 17/45
    29 | D        | Reached ****** piety under Makhleb
    30 | D        | Killed a large bag of meat
    31 | D        | Killed a meat berserker
    31 | D        | Reached XP level 21. HP: 265/265 MP: 18/49
    33 | D        | Killed a destroyer
    34 | D        | Reached XP level 22. HP: 275/275 MP: 18/52
    36 | D        | Reached skill level 27 in Spellcasting
    36 | D        | Reached skill level 27 in Invocations
    36 | D        | Noticed a destroyer
    37 | D        | Killed a large bag of meat
    37 | D        | Reached skill level 27 in Throwing
    40 | D        | Reached skill level 27 in Stealth
    40 | D        | Reached skill level 27 in Unarmed Combat
    40 | D        | Reached XP level 23. HP: 284/284 MP: 20/54
    40 | D        | Reached skill level 27 in Armour
    41 | D        | Noticed a destroyer
    41 | D        | Noticed a destroyer
    43 | D        | Killed a destroyer
    45 | D        | Killed a destroyer
    45 | D        | Reached XP level 24. HP: 295/295 MP: 22/54
    45 | D        | Noticed a destroyer
    45 | D        | Noticed a destroyer
    46 | D        | Killed a destroyer
    49 | D        | Killed a destroyer
    49 | D        | Reached XP level 25. HP: 292/304 MP: 23/54
    52 | D        | Killed a destroyer
    52 | D        | Noticed a destroyer
    53 | D        | Noticed a tyrant
    53 | D        | Noticed a destroyer
    54 | D        | Reached XP level 26. HP: 314/314 MP: 24/54
    58 | D        | Killed a tyrant
    60 | D        | Killed a destroyer
    63 | D        | Reached XP level 27. HP: 323/323 MP: 27/54
    63 | D        | Killed a destroyer
    64 | D        | Noticed a meat beast
    66 | D        | Noticed a meat beast
    67 | D        | Noticed a destroyer
    69 | D        | Noticed a meat beast
    71 | D        | Killed a destroyer
    73 | D        | Killed a meat beast
    75 | D        | Noticed a destroyer
    76 | D        | Noticed a destroyer
    76 | D        | Noticed an accursed
    78 | D        | Killed a destroyer
    78 | D        | Noticed a destroyer
    80 | D        | Noticed a meat beast
    80 | D        | Noticed a dread
    80 | D        | Noticed a large bag of meat
    81 | D        | Noticed a large bag of meat
    81 | D        | Noticed a large bag of meat
    82 | D        | Slain by a meat berserker

Vault maps used:
D:        meatsprint

Skill      XL: |  1  2  3  4  5  6  7  8  9 10 11 12 13 14 15 16 17 18 19 20 21 22 23 |
---------------+----------------------------------------------------------------------+-----
Fighting       | 22 24 27 | 27.0
Axes           | 19 20 23 26 27 | 27.0
Dodging        | 16 18 20 22 26 27 | 27.0
Stealth        | 6 7 9 12 14 16 19 21 23 27 | 27.0
Throwing       | 5 11 15 19 22 24 27 | 27.0
Armour         | 4 9 13 16 19 21 25 27 | 27.0
Unarmed Combat | 5 10 14 18 21 23 27 | 27.0
Spellcasting   | 6 12 17 21 24 26 27 | 27.0
Invocations    | 6 12 17 21 24 26 27 | 27.0

Action                   |  1- 3 |  4- 6 |  7- 9 | 10-12 | 13-15 | 16-18 | 19-21 | 22-24 | 25-27 || total
-------------------------+-------+-------+-------+-------+-------+-------+-------+-------+-------++-------
Melee: Executioner's axe |     1 |       |       |       |     2 |     5 |     7 |     9 |    15 ||    39
Invok: Greater Servant o |       |       |       |       |       |       |       |       |     5 ||     5
  Use: Potion            |       |       |       |       |       |       |       |       |     1 ||     1
Dodge: Dodged            |       |       |       |       |       |       |       |       |     1 ||     1

Table legend:
 A = Spawn XP
 B = Non-spawn XP
 C = Spawn XP percentage of total XP
 D = Spawn monster count
 E = Non-spawn monster count
 F = Spawn count percentage of total count
 G = Total turns spent on level
                    A         B        C        D         E        F      G
               +---------+---------+-------+---------+---------+-------+---------
         Total |       0 | 1761471 |   0.0 |       0 |      58 |   0.0 |    82
               +---------+---------+-------+---------+---------+-------+---------
             D |       0 | 1761471 |   0.0 |       0 |      58 |   0.0 |    82
               +---------+---------+-------+---------+---------+-------+---------
